 Dungeon Crawl Stone Soup version 0.23.0-3-gf3c87f2 (webtiles) character file.

Game seed: 9538430873383498599

1313 lapinsky the Cleaver (level 8, 0/70 HPs)
             Began as a Hill Orc Fighter on Feb 20, 2019.
             Slain by a jelly (2 damage)
             ... on level 4 of the Dungeon.
             The game lasted 00:09:52 (3883 turns).

lapinsky the Cleaver (Hill Orc Fighter)             Turns: 3883, Time: 00:09:53

Health: 0/70       AC:  4    Str: 20    XL:     8   Next: 58%
Magic:  8/8        EV:  8    Int:  8    God:
Gold:   203        SH: 10    Dex: 11    Spells: 7/7 levels left

rFire    + . .     SeeInvis .   a - +0 war axe
rCold    . . .     Gourm    .   c - +0 shield
rNeg     . . .     Faith    .   b - +0 scale mail
rPois    .         Spirit   .   l - +0 helmet
rElec    .         Reflect  .   (no cloak)
rCorr    .         Harm     .   (no gloves)
MR       .....                  (no boots)
Stlth    ..........             (no amulet)
HPRegen  0.21/turn              t - ring of flight
MPRegen  0.11/turn              i - ring of protection from fire

@: corroded
A: no striking features
a: Evoke Flight


You were on level 4 of the Dungeon.
You were not hungry.

You visited 1 branch of the dungeon, and saw 5 of its levels.

You collected 203 gold pieces.

Inventory:

Hand Weapons
 a - a +0 war axe (weapon)
 m - a +2 whip of freezing
Armour
 b - a +0 scale mail (worn)
 c - a +0 shield (worn)
 l - a +0 helmet (worn)
Jewellery
 i - a ring of protection from fire (right hand)
 t - a ring of flight (left hand)
Wands
 s - a wand of polymorph (6)
 x - a wand of paralysis (7)
Scrolls
 d - a scroll of enchant armour {unknown}
 g - 2 scrolls of fear
 j - a scroll of noise {unknown}
 n - 4 scrolls of remove curse
 p - 3 scrolls of teleportation
 q - a scroll of amnesia {unknown}
 r - a scroll of random uselessness {unknown}
 u - a scroll of immolation {unknown}
Potions
 e - a potion of agility {unknown}
 h - a potion of lignification
 k - a potion of haste
 o - a potion of berserk rage {unknown}
 v - a potion of magic {unknown}
Comestibles
 f - 5 rations


   Skills:
 + Level 5.9 Fighting
 + Level 8.4 Axes
 + Level 0.2(4.2) Maces & Flails
 + Level 6.0 Armour
 + Level 1.7 Dodging
 + Level 1.1 Stealth
 + Level 5.9 Shields


You had 7 spell levels left.
You didn't know any spells.
Your spell library was empty.

Dungeon Overview and Level Annotations

Branches:
Dungeon (5/15)
 Temple: D:4-7

Altars:
Zin


Message History

The jelly jiggles.
You feel sick.
You see here a scorpion corpse.
You feel sick.
You are no longer poisoned.
There is a stone staircase leading up here.
You block the jelly's attack.
You climb upwards.
Reactivating autopickup.
You are no longer corroded.
There is a stone staircase leading down here.
You hit the jelly.
Your hands burn!
* * * LOW HITPOINT WARNING * * *
The jelly is severely wounded.
The jelly hits you.
* * * LOW HITPOINT WARNING * * *
The acid corrodes you!
You are splashed with acid!
* * * LOW HITPOINT WARNING * * *
The jelly hits you.
You die...

##..####.####......###.#
##.##.....####..#####.#
##.###.....# #.....##.#
#.## #..>..# ##.##.##.#
..## #.....# #.##.##.#
...###.....# ##.......#
.#..######## #.....####
###.# #######.###.#
.#..# #...>..J@.#.#
...######.#######...#
#.......#.# #.#.#
#....##.#.# #.#.#
#.##.##.#.# #...#
#.##......# #.###
#.#####.#.# #.#
#.#####.#.#######.#
#.......#.........#


You could see a jelly.

Vanquished Creatures
  Pikel (D:4)
  A hungry ghost (D:4)
  An ice beast (D:5)
  3 slaves
  2 centaurs (D:5)
  Blork the orc (D:4)
  A scorpion (D:5)
  3 hounds
  A centaur skeleton (D:4)
  Jessica (D:2)
  An iguana (D:4)
  2 worker ants (D:5)
  A hound skeleton (D:4)
  3 gnolls (D:4)
  2 adders
  2 shadow imps (D:5)
  An ooze (D:4)
  A worm (D:5)
  2 dart slugs
  2 leopard geckos (D:4)
  An orc (D:4)
  6 bats
  3 giant cockroaches
  7 goblins
  8 hobgoblins
  3 quokkas
  2 ball pythons
  7 frilled lizards
  4 kobolds
  9 rats
82 creatures vanquished.

Notes
Turn   | Place    | Note
-------+----------+-------------------------------------------
     0 | D:1      | lapinsky the Hill Orc Fighter began the quest for the Orb.
     0 | D:1      | Reached XP level 1. HP: 19/19 MP: 1/1
    65 | D:1      | Reached XP level 2. HP: 24/27 MP: 2/2
   143 | D:1      | Reached skill level 3 in Axes
   384 | D:1      | You fall through a shaft!
   427 | D:2      | Reached XP level 3. HP: 27/33 MP: 3/3
   730 | D:2      | Found a glowing silver altar of Zin.
   909 | D:2      | Noticed Jessica
   926 | D:2      | Killed Jessica
   926 | D:2      | Reached skill level 4 in Axes
   926 | D:2      | Reached XP level 4. HP: 27/40 MP: 4/4
  1788 | D:4      | Noticed Blork the orc
  1804 | D:4      | Killed Blork the orc
  1804 | D:4      | Reached skill level 5 in Axes
  1804 | D:4      | Reached XP level 5. HP: 11/46 MP: 5/5
  2090 | D:4      | Noticed a hungry ghost
  2115 | D:4      | Killed a hungry ghost
  2115 | D:4      | Reached skill level 1 in Dodging
  2115 | D:4      | Reached XP level 6. HP: 43/53 MP: 6/6
  2245 | D:4      | Noticed a slave
  2246 | D:4      | Noticed Pikel
  2434 | D:4      | Noticed a slave
  2445 | D:4      | Killed a slave
  2456 | D:4      | Killed a slave
  2493 | D:4      | Reached skill level 6 in Axes
  2557 | D:4      | Noticed a slave
  2572 | D:4      | Noticed a slave
  2709 | D:3      | Killed a slave
  2938 | D:4      | Killed Pikel
  2938 | D:4      | Reached skill level 5 in Fighting
  2938 | D:4      | Reached skill level 7 in Axes
  2938 | D:4      | Reached skill level 5 in Armour
  2938 | D:4      | Reached skill level 5 in Shields
  2938 | D:4      | Reached XP level 7. HP: 47/61 MP: 7/7
  2938 | D:4      | Reached XP level 8. HP: 53/69 MP: 8/8
  3407 | D:5      | Entered Level 5 of the Dungeon
  3726 | D:5      | Reached skill level 1 in Stealth
  3829 | D:5      | Reached skill level 8 in Axes
  3879 | D:4      | HP: 1/70 [acid (8)]
  3883 | D:4      | Slain by a jelly

Skill      XL: |  1  2  3  4  5  6  7  8 |
---------------+-------------------------+-----
Axes           | 3 4 5 7 8 |  8.4
Fighting       | 4 5 |  5.9
Armour         | 4 5 6 |  6.0
Dodging        | 1 |  1.7
Shields        | 4 5 |  5.9
Stealth        | 1 |  1.1
Maces & Flails | |  0.2

Action                   |  1- 3 |  4- 6 |  7- 9 || total
-------------------------+-------+-------+-------++-------
Melee: War axe           |   117 |   147 |    61 ||   325
       Whip              |       |       |    26 ||    26
  Use: Potion            |       |     6 |     1 ||     7
       Scroll            |       |     4 |     4 ||     8
  Eat: Chunk             |       |     2 |       ||     2
       Ration            |       |     5 |     1 ||     6
Armor: Scale mail        |    70 |    39 |    32 ||   141
Dodge: Dodged            |    40 |    43 |    29 ||   112
Block: Shield            |    71 |    80 |    54 ||   205
